 Dungeon Crawl Stone Soup version 0.15-a0-2165-g9981db6 (console) character file.

94 DeepestElf the Magician (level 4, 0/24 HPs)
             Began as a Deep Elf Ice Elementalist on July 20, 2014.
             Slain by a worker ant (3 damage)
             ... on Level 6 of the Dungeon.
             The game lasted 00:05:12 (753 turns).

DeepestElf the Magician (Deep Elf Ice Elementalist)  Turns: 753, Time: 00:05:13

HP   0/24        AC  3     Str 10      XL: 4   Next: 38%
MP   2/15        EV 13     Int 21      God:
Gold 74          SH  0     Dex 15      Spells:  3 memorised,  4 levels left

rFire  . . .     SeeInvis .     q - +0 war axe
rCold  . . .     Clarity  .     a - +0 robe
rNeg   . . .     rCorr    .     (no shield)
rPois  .         rRot     .     f - +0 helmet
rElec  .         Spirit   .     (no cloak)
SustAb .         Warding  .     (no gloves)
rMut   .         Stasis   .     (no boots)
Gourm  .                        i - amulet of rage
MR     .....                    (no ring)
                                (no ring)

@: mighty, lethally poisoned, not resistant to hostile enchantments, unstealthy
A: no striking features
a: Evoke Berserk Rage


You were on level 6 of the Dungeon.
You were not hungry.

You visited 1 branch of the dungeon, and saw 6 of its levels.

You collected 74 gold pieces.

Inventory:

Hand weapons
 q - a +0 war axe (weapon)
 r - a +0 hand crossbow
Missiles
 s - 22 bolts
Armour
 a - a +0 robe (worn)
 f - a +0 helmet (worn)
 h - a +0 ring mail
Magical devices
 d - a wand of flame (5)
Comestibles
 c - 4 bread rations
 m - a meat ration
Scrolls
 e - 2 scrolls of magic mapping {unknown}
 g - a scroll of noise {unknown}
 j - 2 scrolls of blinking {unknown}
 k - a scroll of recharging {unknown}
 n - a scroll of teleportation {unknown}
 o - a scroll of identify {unknown}
 t - a scroll of remove curse {unknown}
Jewellery
 i - an amulet of rage (around neck)
Potions
 p - a potion of restore abilities {unknown}
Books
 b - a book of Frost

   Spells                             Type                      Level
   *Freeze                            Ice                          1
   *Throw Frost                       Conjuration/Ice              2
   Ozocubu's Armour                   Charms/Ice                   3
   *Throw Icicle                      Conjuration/Ice              4
   Summon Ice Beast                   Ice/Summoning                4
   Condensation Shield                Ice                          4


   Skills:
 - Level 2.4 Dodging
 - Level 2.4 Stealth
 - Level 4.0 Spellcasting
 + Level 4.0 Conjurations
 + Level 3.4 Ice Magic


You had 4 spell levels left.
You knew the following spells:

 Your Spells              Type           Power        Failure   Level  Hunger
a - Freeze                Ice            ###.         3%          1    None
b - Throw Frost           Conj/Ice       ###...       4%          2    #......
c - Throw Icicle          Conj/Ice       ###.....     28%         4    ####...


Dungeon Overview and Level Annotations

Branches:
Dungeon (6/15)
 Temple: D:4-7

Altars:
Cheibriados

Annotations:
D:4 Menkaure; Sigmund; WhatIsLove's ghost, average FoAK
D:5 Edmund
D:6 Grinder


Message History

Aim: a worker ant You freeze the worker ant.
The worker ant is lightly wounded.
The worker ant bites you.
* * * LOW HITPOINT WARNING * * *
You are lethally poisoned!
The worker ant poisons you!
Casting: Freeze
Confirm with . or Enter, or press ? or * to list all spells.
Aiming: Freeze
Press: ? - help, Shift-Dir - straight line, f/p - worker ant
Aim: a worker ant (lightly wounded)
You freeze the worker ant.
The worker ant is moderately wounded.
* * * LOW HITPOINT WARNING * * *
You feel sick.
Drink which item? (? for menu, Esc to quit)
You feel very mighty all of a sudden.
It was a potion of might.
The worker ant bites you.
You die...

#..###. ..#..../
.. ....5.##...
##.........#
#.........###
#...........#
##.............
##.....@........
##......a........
#................
#.................
..................
........<........
.................
............(...
...............


You could see Grinder and a worker ant.

Vanquished Creatures
  Ijyb (D:4)
  4 adders
  A giant mite (D:3)
  An orc skeleton (D:4)
  A giant gecko (D:5)
  An ooze (D:3)
  An orc (D:4)
  3 giant cockroaches
  2 goblins
  2 hobgoblins
  5 jackals
  A quokka (D:2)
  6 bats
  A hobgoblin skeleton (D:4)
  A kobold (D:5)
  3 rats
34 creatures vanquished.

Notes
Turn   | Place    | Note
--------------------------------------------------------------
     0 | D:1      | DeepestElf, the Deep Elf Ice Elementalist, began the quest for the Orb.
     0 | D:1      | Reached XP level 1. HP: 10/10 MP: 5/5
    54 | D:2      | Reached skill level 4 in Spellcasting
    54 | D:2      | Reached XP level 2. HP: 13/15 MP: 6/9
    58 | D:2      | Learned a level 2 spell: Throw Frost
   171 | D:2      | Found a snail-covered altar of Cheibriados.
   283 | D:4      | Noticed Sigmund
   295 | D:4      | Noticed WhatIsLove's ghost (average FoAK)
   328 | D:5      | Entered Level 5 of the Dungeon
   335 | D:5      | Reached XP level 3. HP: 19/19 MP: 5/12
   372 | D:4      | Noticed Ijyb
   381 | D:4      | Killed Ijyb
   432 | D:4      | Noticed Menkaure
   463 | D:4      | Reached XP level 4. HP: 24/24 MP: 13/15
   469 | D:4      | Learned a level 4 spell: Throw Icicle
   703 | D:5      | Noticed Edmund
   744 | D:6      | Noticed an ogre
   750 | D:6      | Noticed Grinder
   753 | D:6      | Slain by a worker ant

Action                   |  1- 3 |  4- 6 || total
-------------------------+-------+-------++-------
Melee: Short sword       |    12 |       ||    12
       War axe           |       |    18 ||    18
 Cast: Freeze            |    38 |    16 ||    54
       Throw Icicle      |       |     3 ||     3
       Throw Frost       |       |     1 ||     1
Evoke: Wand              |       |     1 ||     1
  Use: Potion            |       |     1 ||     1
